Cogmind - Beta 14 @@@ ROGUE MODE // 2024.10.28 @ 14:23:16 Player: canerib Result: Destroyed by S-43 Plague with Heavy Machine Gun Performance ------------- Evolutions (7) 3500 Regions Visited (10) 2000 Robots Destroyed (91) 455 Value Destroyed (2690) 2690 Prototype IDs (4) 80 Alien Tech Used (0) 0 Bonus (112) 112 TOTAL SCORE: 8837 Bonus ------- High Alert Combat Kills 30 Follower Combat Kills 82 Cogmind --------- Core Integrity 0/1300 Matter 151/300 Energy 19/100 System Corruption 0% Temperature Cool (0) Movement Core (50) Location -3/Research Parts ------- > --- POWER (2) -------- (None) > --- PROPULSION (9) --- (None) > --- UTILITY (8) ------ (None) > --- WEAPON (2) ------- (None) > --- INVENTORY (5) ---- Light Antimatter Reactor Centrium Wheel Peak State ------------ > --- POWER ------------ Micro Antimatter Reactor > --- PROPULSION ------- Gravmag Array Gravmag Array Gravmag Array Improved Gyrokinetic Inverter Antigrav Array > --- UTILITY ---------- Medium Storage Unit Energy Well Visual Processing Unit Advanced Sensor Array Advanced Signal Interpreter Improved Transmission Jammer Force Field Makeshift Hacking Suite > --- WEAPON ----------- (None) > --- INVENTORY -------- Centrium Wheel Gravmag Array Linear Accelerator Mini Grenade Launcher Carbide Saw [Rating: 97] Favorites ----------- Power Ion Engine Engine Ion Engine Power Core Light Nuclear Core Reactor Micro Antimatter Reactor Propulsion Aluminum Leg Treads Light Treads Leg Aluminum Leg Wheel Centrium Wheel Hover Unit Improved Gravmag System Flight Unit Flight Unit Utility Visual Processing Unit Device Improved Terrain Scanner Storage Medium Storage Unit Processor Visual Processing Unit Hackware Hacking Suite Protection Hardened Heavy Armor Plating Weapon Backup Laser III Energy Gun Backup Laser III Energy Cannon HERF Cannon Ballistic Gun Light Assault Rifle Ballistic Cannon Flak Cannon Launcher Mini Grenade Launcher Special Weapon Mining Laser Slashing Weapon Carbide Saw Build | -11 -10 -9 -8 -7 -6 -6 -6 -5 -4 -3 ------- Run | Yrd Mat Mat Mat Fac Fac Low Low Fac Fac Res Slots Evolved 14 | . . 2 2 2 2 . . 2 2 2 Power 1 | . . . . . . . . 1 . . Propulsion 7 | . . 2 2 . 2 . . . 1 . Utility 6 | . . . . 2 . . . 1 1 2 Weapon . | . . . . . . . . . . . Parts Attached 151 | 7 8 24 22 15 19 2 . 23 15 16 Power 15 | 1 1 3 2 1 2 . . 2 2 1 Engine 9 | 1 1 3 2 . 2 . . . . . Core 5 | . . . . 1 . . . 2 2 . Reactor 1 | . . . . . . . . . . 1 Propulsion 75 | 2 3 7 14 10 11 . . 15 6 7 Treads 7 | . . . 4 3 . . . . . . Leg 12 | 2 3 2 1 3 1 . . . . . Wheel 1 | . . . . . . . . . . 1 Hover 25 | . . . . . 6 . . 8 6 5 Flight 30 | . . 5 9 4 4 . . 7 . 1 Utility 20 | 2 1 3 . 4 . . . 3 2 5 Device 7 | 1 . 1 . 2 . . . . . 3 Storage 4 | 1 1 1 . . . . . 1 . . Processor 3 | . . 1 . 1 . . . . . 1 Hackware 4 | . . . . . . . . 2 1 1 Protection 2 | . . . . 1 . . . . 1 . Artifact . | . . . . . . . . . . . Weapon 41 | 2 3 11 6 . 6 2 . 3 5 3 Energy Gun 12 | . 1 5 1 . 4 1 . . . . Energy Cannon 2 | . . . . . . . . . 1 1 Ballistic Gun 12 | 2 1 2 3 . . . . 3 1 . Ballistic Cannon 3 | . . . 2 . . . . . . 1 Launcher 7 | . . 2 . . 2 1 . . 2 . Special Weapon 3 | . 1 2 . . . . . . . . Impact Weapon . | . . . . . . . . . . . Slashing Weapon 2 | . . . . . . . . . 1 1 Piercing Weapon . | . . . . . . . . . . . Special Melee Weapon . | . . . . . . . . . . . Unidentified Prototypes 3 | . . . . . 1 . . 2 . . Parts Lost 70 | . . 9 14 1 9 1 . 4 20 12 Power 9 | . . 2 2 . . . . 1 3 1 Propulsion 39 | . . 5 10 1 6 1 . 1 10 5 Utility 12 | . . 2 . . 2 . . . 4 4 Weapon 10 | . . . 2 . 1 . . 2 3 2 Highest Loss Streak 12 | . . 2 5 1 6 1 . 2 9 12 To Critical Strikes 1 | . . . . . . . . . . 1 Average Slot Usage (%) 84 | . 100 85 96 79 69 62 60 85 87 42 Engine 7 | . 14 10 8 6 5 6 6 3 . . Treads 4 | . . . 20 13 5 . . . . . Leg 12 | . 28 20 1 14 10 . . . . . Hover 9 | . . . . . 14 28 26 30 42 11 Flight 7 | . . 14 30 5 1 . . 6 . 1 Device 4 | . 14 . . 9 5 . . . . 5 Storage 9 | . 14 11 9 7 6 6 6 10 10 6 Processor 5 | . . 6 9 8 6 6 6 5 5 7 Hackware 1 | . . . . . . . . 10 12 2 Energy Gun 7 | . 6 15 2 9 11 11 13 1 . . Ballistic Gun 7 | . 20 4 8 . . . . 8 4 . Peak Build Rating 97 | 9 10 13 17 28 58 58 55 71 92 97 Average Rating 28 | 5 9 10 15 20 39 55 55 60 76 56 On Entrance 29 | . 9 10 11 10 28 58 55 55 64 24 Naked Turns 19 | . . . . . . . . . . 19 Heaviest Build 44 | 14 29 29 22 33 27 25 25 44 43 32 Greatest Support 98 | 20 20 40 80 48 77 77 68 80 93 98 Greatest Overweight (x) 3 | . 1 2 1 1 1 . . 1 1 3 Average Overweight (x) . | . . . . . . . . . . . Largest Inventory Capacity 15 | 8 15 15 10 10 10 10 10 10 10 10 Average Capacity 11 | 6 14 13 10 10 10 10 10 10 10 8 Most Carried 15 | 5 15 15 10 10 10 10 10 10 10 9 Average Carried 9 | 3 9 12 9 7 9 9 10 8 9 4 Final Capacity 15 | 8 15 10 10 10 10 10 10 10 10 5 Final Carried 15 | 4 15 9 10 10 10 10 10 9 9 2 Class Distribution -------------------- 50% | Mutant 33% | Scavenger-Mutant 7% | Hacker-Mutant 3% | Hacker-Sprinter Dominant Class ---------------- Mutant | -10/Materials Mutant | -9/Materials Scavenger-Mutant | -8/Materials Scavenger-Mutant | -7/Factory Mutant | -6/Factory Mutant | -6/Lower Caves Mutant | -6/Lower Caves Hacker-Sprinter | -5/Factory Hacker-Mutant | -4/Factory Mutant | -3/Research Resources | -11 -10 -9 -8 -7 -6 -6 -6 -5 -4 -3 ----------- Run | Yrd Mat Mat Mat Fac Fac Low Low Fac Fac Res Matter Collected 2270 | 250 185 230 638 153 133 123 16 306 236 . Remotely . | . . . . . . . . . . . Salvage Created 2962 | 10 457 635 629 153 279 43 . 151 540 65 Parts 189 | 5 23 44 51 10 10 3 . 9 31 3 Haulers Intercepted 1 | . 1 . . . . . . . . . Recyclers Shooed . | . . . . . . . . . . . Parts Field Recycled . | . . . . . . . . . . . Retrieved Matter . | . . . . . . . . . . . Parts Self-Destructed 3 | . . . . . . 3 . . . . Prevented . | . . . . . . . . . . . Kills | -11 -10 -9 -8 -7 -6 -6 -6 -5 -4 -3 ------- Run | Yrd Mat Mat Mat Fac Fac Low Low Fac Fac Res Combat Hostiles Destroyed 80 | . 12 23 21 3 6 1 . 6 6 2 Guns 58 | . 12 17 12 3 5 1 . 6 2 . Cannons 12 | . . . 9 . . . . . 1 2 AOE 7 | . . 6 . . . . . . 1 . Classes Destroyed 13 | 1 4 2 1 1 . . . . 4 . Worker 1 | . . . . . . . . . 1 . Builder 3 | . . . 2 . . . . . 1 . Tunneler 1 | 1 . . . . . . . . . . Hauler 1 | . 1 . . . . . . . . . Recycler 1 | . . . . . . . . . 1 . Operator 1 | . . 1 . . . . . . . . Watcher 3 | . 2 . . . . . . . 1 . Swarmer 37 | . 6 12 11 . . . . 6 . 2 Cutter 3 | . . . . . . . . . 3 . Grunt 21 | . 6 6 4 2 3 . . . . . Sentry 14 | . . 5 6 . 1 . . . 2 . Hunter 1 | . . . . . . . . . 1 . Programmer 4 | . . . . 1 2 1 . . . . Best Kill Streak 4 | 1 3 4 3 1 2 1 . 3 3 1 Combat Bots Only 4 | . 3 4 3 1 2 1 . 3 2 1 Max Kills in Single Turn 2 | 1 2 2 2 1 1 1 . 2 2 1 Gunslinging 1 | . 1 1 1 . . . . 1 . . Exploded 2 | . . 2 . . . . . . 1 . Melee . | . . . . . . . . . . . Uniques/NPCs Destroyed . | . . . . . . . . . . . Combat | -11 -10 -9 -8 -7 -6 -6 -6 -5 -4 -3 -------- Run | Yrd Mat Mat Mat Fac Fac Low Low Fac Fac Res Hostile Shots Fired 1061 | . 60 129 148 12 174 38 6 53 192 249 Missed 381 | . 9 23 49 3 68 13 4 18 91 103 Damage Taken 10429 | . 567 1206 1260 136 1196 422 33 588 2053 2968 Core 2667 | . 129 305 150 47 144 106 . 80 401 1305 Absorbed by Shields 46 | . . . . . . . . . . 46 Regen/Repaired (Parts) 72 | . . . . 18 . . . . 54 . Core Remaining (%) 70 | 100 48 23 72 93 . . 70 92 65 . Volleys Fired 282 | 4 44 53 68 9 43 10 . 15 25 11 Largest 2 | 2 2 2 2 2 2 2 . 2 2 1 Hottest 121 | 40 100 100 79 80 115 115 . 115 121 105 Shots Fired 522 | 8 86 101 128 18 80 20 . 30 40 11 Gun 445 | 8 84 96 87 18 78 19 . 30 25 . Cannon 63 | . . . 41 . . . . . 11 11 Launcher 11 | . . 4 . . 2 1 . . 4 . Special 3 | . 2 1 . . . . . . . . Kinetic 248 | 8 61 19 104 . . . . 24 25 7 Thermal 244 | . 25 70 24 18 78 19 . 6 . 4 Explosive 11 | . . 4 . . 2 1 . . 4 . Electromagnetic 19 | . . 8 . . . . . . 11 . Robot Hit Streak 19 | 3 18 14 9 6 19 7 . 3 9 2 Robot Miss Streak 7 | 3 4 5 7 1 2 4 . 3 1 3 Penetration Max . | . . . . . . . . . . . Secondary Targets 9 | . 2 3 2 . . . . 2 . . Max Gunslinging Chain 1 | . 1 1 1 . . . . 1 . . Shots Hit Robots 345 | 3 57 64 84 13 63 10 . 16 31 4 Core Hits 190 | 2 29 40 59 8 17 4 . 7 21 3 Critical Kills 1 | . . . . . . . . . 1 . Critical Parts Destroyed . | . . . . . . . . . . . Critical Strikes 11 | . 3 3 4 . . . . . 1 . Burn 10 | . 3 3 4 . . . . . . . Destroy 1 | . . . . . . . . . 1 . Melee Attacks 3 | . . . . . . . . . 1 2 Impact . | . . . . . . . . . . . Slashing 3 | . . . . . . . . . 1 2 Piercing . | . . . . . . . . . . . Sneak Attacks 1 | . . . . . . . . . 1 . Combat Hostiles . | . . . . . . . . . . . Follow-up Attacks . | . . . . . . . . . . . Damage Inflicted 6362 | 36 610 1175 1310 175 1047 289 . 279 1289 152 Guns 3978 | 36 610 723 723 175 945 182 . 279 305 . Cannons 1027 | . . . 587 . . . . . 297 143 Explosions 1138 | . . 452 . . 102 107 . . 477 . Melee 41 | . . . . . . . . . 41 . Ramming 178 | . . . . . . . . . 169 9 Kinetic 2313 | 36 424 109 1096 . . . . 236 305 107 Thermal 2529 | . 186 748 214 175 945 182 . 43 . 36 Explosive 940 | . . 254 . . 102 107 . . 477 . Electromagnetic 347 | . . 64 . . . . . . 283 . Impact 14 | . . . . . . . . . 14 . Slashing 41 | . . . . . . . . . 41 . Piercing . | . . . . . . . . . . . Highest Corruption 7 | . . 4 2 1 7 7 7 1 2 . Average Corruption 3 | . . 3 1 1 5 7 7 1 2 . Corruption Purged . | . . . . . . . . . . . Corruption Blocked . | . . . . . . . . . . . Effects 26 | . . . 2 3 8 11 1 . 1 . Message Errors 7 | . . . 1 . 4 2 . . . . Matter Fused 4 | . . . 1 . . 2 1 . . . Heat Flow Errors 4 | . . . . 1 . 2 . . 1 . Energy Discharges 4 | . . . . 1 1 2 . . . . Data Loss (minor) 3 | . . . . . 2 1 . . . . Data Loss (major) 1 | . . . . 1 . . . . . . Misfires 2 | . . . . . 1 1 . . . . Weapon Failures 1 | . . . . . . 1 . . . . Overload Shots . | . . . . . . . . . . . Overflow Damage 58 | . . 25 . . 7 3 . . 23 . Projectiles . | . . . . . . . . . . . Explosions 44 | . . 25 . . 7 3 . . 9 . Melee 14 | . . . . . . . . . 14 . Knockbacks 27 | . . . 27 . . . . . . . Impact . | . . . . . . . . . . . Kinetic 24 | . . . 24 . . . . . . . Secondary 3 | . . . 3 . . . . . . . Self-Inflicted Damage 347 | . . 125 . . 73 . . . 145 4 Shots 6 | . . 2 . . 2 . . . 2 . Rammed 14 | . . . . . . . . . 12 2 Targets Rammed 14 | . . . . . . . . . 12 2 Kicked . | . . . . . . . . . . . Crushed . | . . . . . . . . . . . Highest Temperature 324 | . 135 247 207 265 270 269 . 216 324 63 Average Temperature 73 | . 36 62 63 60 64 104 . 81 136 24 Received Heat Transfer 2086 | . 261 249 567 54 255 117 . 18 323 242 Effects 9 | . . 2 . . 4 1 . . 2 . Energy Bleed 4 | . . . . . 1 1 . . 2 . Interference 5 | . . 2 . . 3 . . . . . Siege Activations . | . . . . . . . . . . . Robots Corrupted 3 | . . . . . . . . . 3 . Combat Hostiles 2 | . . . . . . . . . 2 . Parts Fried 4 | . . . . . . . . . 4 . Impact Corruptions 2 | . . . . . . . . . 2 . Robots Melted 1 | . . . . . 1 . . . . . Combat Hostiles 1 | . . . . . 1 . . . . . Parts Melted 16 | . 2 5 3 2 3 1 . . . . Heat Transferred 6967 | . 777 1900 839 481 2411 422 . 100 . 37 Parts Sabotaged . | . . . . . . . . . . . Parts Stolen . | . . . . . . . . . . . Parts Stripped . | . . . . . . . . . . . Power Chain Reactions 1 | . . 1 . . . . . . . . Alert | -11 -10 -9 -8 -7 -6 -6 -6 -5 -4 -3 ------- Run | Yrd Mat Mat Mat Fac Fac Low Low Fac Fac Res Peak Influence 501 | 5 155 275 501 291 169 . . 351 446 280 Initial 167 | . 3 65 109 167 44 . . 100 42 113 Average 164 | 3 87 143 324 215 96 . . 185 191 148 Maximum Alert Level 2 | . . 1 2 1 . . . 1 2 1 Low Security (%) 67 | 100 100 69 6 39 100 . . 53 60 82 Level 1 30 | . . 30 81 60 . . . 46 31 17 Level 2 2 | . . . 12 . . . . . 8 . Level 3 . | . . . . . . . . . . . Level 4 . | . . . . . . . . . . . Level 5 . | . . . . . . . . . . . High Security . | . . . . . . . . . . . Max Security . | . . . . . . . . . . . Squads Dispatched 27 | . 2 2 7 2 4 . . 4 4 2 Investigation 13 | . 1 1 4 1 1 . . 2 1 2 Extermination 3 | . . . . 1 1 . . 1 . . Reinforcement 11 | . 1 1 3 . 2 . . 1 3 . Assault . | . . . . . . . . . . . Garrison . | . . . . . . . . . . . Intercept . | . . . . . . . . . . . Searches Triggered . | . . . . . . . . . . . Construction Impeded 1 | . . . . . . . . . 1 . Haulers Reinforced . | . . . . . . . . . . . Active Scanning Responses . | . . . . . . . . . . . Cargo Convoy Interrupts . | . . . . . . . . . . . Stealth | -11 -10 -9 -8 -7 -6 -6 -6 -5 -4 -3 --------- Run | Yrd Mat Mat Mat Fac Fac Low Low Fac Fac Res Distress Signals 10 | . . 2 4 . . . . . 4 . Communications Jammed . | . . . . . . . . . . . Distress Signals . | . . . . . . . . . . . Times Spotted 199 | . 19 33 43 5 16 7 2 19 39 16 Peak Tracking Total 16 | . 3 7 8 2 3 4 2 7 16 13 Tactical Retreats 24 | . . 1 6 . 2 3 . 2 7 3 Traps | -11 -10 -9 -8 -7 -6 -6 -6 -5 -4 -3 ------- Run | Yrd Mat Mat Mat Fac Fac Low Low Fac Fac Res Traps Triggered 12 | . 1 3 3 . 3 . . 1 1 . Indirectly . | . . . . . . . . . . . Trap Hack Attempts . | . . . . . . . . . . . Triggered . | . . . . . . . . . . . Disarmed 6 | . . . . . . . . . 6 . Reprogrammed . | . . . . . . . . . . . Reused . | . . . . . . . . . . . Traps Extracted . | . . . . . . . . . . . Installed . | . . . . . . . . . . . Triggered 4 | . . . . . . 4 . . . . Machines | -11 -10 -9 -8 -7 -6 -6 -6 -5 -4 -3 ---------- Run | Yrd Mat Mat Mat Fac Fac Low Low Fac Fac Res Machines Disabled 6 | . . 3 . . 1 . . . 2 . Max in Single Turn 3 | . . 3 . . . . . . 2 . Garrison Access 2 | . . . . 1 . . . . 1 . Machines Repaired . | . . . . . . . . . . . Machines Dismantled . | . . . . . . . . . . . Machines Sabotaged . | . . . . . . . . . . . Overloaded Fab Kills . | . . . . . . . . . . . Hacking | -11 -10 -9 -8 -7 -6 -6 -6 -5 -4 -3 --------- Run | Yrd Mat Mat Mat Fac Fac Low Low Fac Fac Res Machines Accessed 35 | . 5 6 5 3 3 . . 4 6 3 Terminals 28 | . 5 6 5 . 2 . . 3 4 3 Fabricators 2 | . . . . 1 1 . . . . . Repair Stations 2 | . . . . 1 . . . . 1 . Recycling Units . | . . . . . . . . . . . Scanalyzers 1 | . . . . . . . . 1 . . Garrison Access 2 | . . . . 1 . . . . 1 . Total Hacks 89 | . 11 14 20 7 5 . . 12 13 7 Successful 42 | . 5 8 7 5 3 . . 6 6 2 Failed 47 | . 6 6 13 2 2 . . 6 7 5 Catastrophic 12 | . 4 . 4 . 1 . . 1 . 2 Database Lockouts . | . . . . . . . . . . . Manual 55 | . 10 8 15 . 4 . . 7 9 2 Terminals 76 | . 11 14 20 . 4 . . 10 10 7 Fabricators 2 | . . . . 1 1 . . . . . Repair Stations 7 | . . . . 5 . . . . 2 . Recycling Units . | . . . . . . . . . . . Scanalyzers 2 | . . . . . . . . 2 . . Garrison Access 2 | . . . . 1 . . . . 1 . Terminal Hacks 22 | . 3 6 6 . . . . 3 2 2 Record 2 | . . . . . . . . . . 2 Robot Analysis 2 | . . . 2 . . . . . . . Level Access Points 3 | . 1 1 . . . . . . 1 . Branch Access Points 1 | . . . 1 . . . . . . . Terminal Index 1 | . . 1 . . . . . . . . Alert Level 4 | . . 2 1 . . . . 1 . . Unreport Threat 5 | . . 1 2 . . . . 2 . . Disarm Traps 1 | . . . . . . . . . 1 . Security Status 1 | . . 1 . . . . . . . . Recall Investigation 1 | . 1 . . . . . . . . . Zone Layout 1 | . 1 . . . . . . . . . Fabricator Hacks 2 | . . . . 1 1 . . . . . Network Status 1 | . . . . . 1 . . . . . Build 1 | . . . . 1 . . . . . . Repair Station Hacks 5 | . . . . 3 . . . . 2 . Scan Component 2 | . . . . 1 . . . . 1 . Repair 2 | . . . . 1 . . . . 1 . Refit 1 | . . . . 1 . . . . . . Recycling Unit Hacks . | . . . . . . . . . . . Scanalyzer 1 | . . . . . . . . 1 . . Insert Component 1 | . . . . . . . . 1 . . Garrison Access Hacks 2 | . . . . 1 . . . . 1 . Seal Access 2 | . . . . 1 . . . . 1 . Unauthorized Hacks 10 | . 2 2 1 . 2 . . 2 1 . Terminals 10 | . 2 2 1 . 2 . . 2 1 . Botnet 10 | . 2 2 1 . 2 . . 2 1 . Fabricators . | . . . . . . . . . . . Repair Stations . | . . . . . . . . . . . Recycling Units . | . . . . . . . . . . . Scanalyzers . | . . . . . . . . . . . Garrison Access . | . . . . . . . . . . . Data Cores Recovered . | . . . . . . . . . . . Used . | . . . . . . . . . . . Hacking Detections 29 | . 5 5 5 1 2 . . 4 4 3 Full Trace Events 10 | . 2 . 3 1 1 . . 1 . 2 Feedback Events 2 | . . . . 1 . . . 1 . . Corruption 2 | . . . . 1 . . . 1 . . Feedback Blocked . | . . . . . . . . . . . Robot Schematics Acquired . | . . . . . . . . . . . Robots Built . | . . . . . . . . . . . Authchips . | . . . . . . . . . . . Time . | . . . . . . . . . . . Total Robot Build Rating . | . . . . . . . . . . . Part Schematics Acquired . | . . . . . . . . . . . Parts Built 1 | . . . . 1 . . . . . . Authchips . | . . . . . . . . . . . Time 42 | . . . . 42 . . . . . . Total Part Build Rating 4 | . . . . 4 . . . . . . Parts Repaired 2 | . . . . 1 . . . . 1 . Time 69 | . . . . 13 . . . . 56 . Parts Recycled . | . . . . . . . . . . . Recycled Matter . | . . . . . . . . . . . Retrieved Matter . | . . . . . . . . . . . Retrieved Components . | . . . . . . . . . . . Parts Scanalyzed 1 | . . . . . . . . 1 . . Part Schematics Acquired . | . . . . . . . . . . . Parts Damaged 1 | . . . . . . . . 1 . . Bothacking | -11 -10 -9 -8 -7 -6 -6 -6 -5 -4 -3 ------------ Run | Yrd Mat Mat Mat Fac Fac Low Low Fac Fac Res Used RIF Installer . | . . . . . . . . . . . Robots Hacked . | . . . . . . . . . . . Non-combat . | . . . . . . . . . . . Combat . | . . . . . . . . . . . Robot Hacks Applied . | . . . . . . . . . . . Relay Couplers Released . | . . . . . . . . . . . Fabnet Peak Effective % . | . . . . . . . . . . . Robots Rewired . | . . . . . . . . . . . Allies Hacked . | . . . . . . . . . . . Hacks Repelled . | . . . . . . . . . . . Allies | -11 -10 -9 -8 -7 -6 -6 -6 -5 -4 -3 -------- Run | Yrd Mat Mat Mat Fac Fac Low Low Fac Fac Res Total Allies 3 | . . . . . 3 . . . . . Largest Group 3 | . . . . . 3 . . . . . Highest-Rated Group 93 | . . . . . 93 . . . . . Highest-Rated Ally 31 | . . . . . 31 . . . . . Total Orders . | . . . . . . . . . . . Ally Attacks 23 | . . . . . 23 . . . . . Total Damage 367 | . . . . . 367 . . . . . Kills 3 | . . . . . 3 . . . . . Allies Corrupted . | . . . . . . . . . . . Allies Melted . | . . . . . . . . . . . Intel | -11 -10 -9 -8 -7 -6 -6 -6 -5 -4 -3 ------- Run | Yrd Mat Mat Mat Fac Fac Low Low Fac Fac Res Robot Analysis Total 2 | . . . 2 . . . . . . . Derelict Logs Recovered 1 | . . . . . . 1 . . . . Drone Launches . | . . . . . . . . . . . Drone Recoveries . | . . . . . . . . . . . Exploration | -11 -10 -9 -8 -7 -6 -6 -6 -5 -4 -3 ------------- Run | Yrd Mat Mat Mat Fac Fac Low Low Fac Fac Res Turns Passed 5050 | 73 1088 875 716 437 574 274 26 267 484 236 Spaces Moved 4117 | 43 518 516 425 193 516 529 57 479 584 257 Core 40 | 11 . . . . . . . . . 29 Treads 463 | . . . 221 174 68 . . . . . Legs 914 | 32 518 288 . 16 60 . . . . . Wheels 27 | . . . . . . . . . . 27 Hover 2099 | . . . . . 364 529 57 364 584 201 Flight 574 | . . 228 204 3 24 . . 115 . . Fastest Speed 17 | 50 120 31 25 111 42 42 45 17 23 46 Average Speed 84 | 102 177 120 97 157 69 43 45 31 39 61 Slowest Speed 260 | 120 190 260 240 240 190 45 45 98 102 200 Overloaded Moves . | . . . . . . . . . . . Propulsion Burnouts . | . . . . . . . . . . . Robots Hopped 7 | . . . 5 . 1 . . 1 . . Cave-ins Triggered . | . . . . . . . . . . . Exploration Rate (%) 33 | 4 94 57 50 5 24 66 13 17 24 12 Regions Visited 10 Branch Regions 2 Pre-discovered Areas . | . . . . . . . . . . . Known Exits Taken 4 | . 1 1 . . . . . 1 1 . Unknown Exits Taken 6 | 1 . . 1 1 1 1 1 . . . Scrap Searched 3 | . . . . . . 2 1 . . . Spaces Dug 3 | . 2 1 . . . . . . . . Terrain Destroyed 113 | . 2 56 . . 21 4 . . 23 7 Melee . | . . . . . . . . . . . Projectile 13 | . 2 1 . . . . . . 3 7 AOE 100 | . . 55 . . 21 4 . . 20 . Terrain Rammed . | . . . . . . . . . . . Walls Destroyed . | . . . . . . . . . . . Machines Disabled . | . . . . . . . . . . . Actions | -11 -10 -9 -8 -7 -6 -6 -6 -5 -4 -3 --------- Run | Yrd Mat Mat Mat Fac Fac Low Low Fac Fac Res Total 5227 | 65 611 671 608 313 659 550 56 575 798 321 Wait 427 | 1 9 53 59 68 51 8 . 19 140 19 Move 4094 | 42 517 515 415 192 513 528 56 476 583 257 Hop 6 | . . . 4 . 1 . . 1 . . Pick Up 158 | 11 22 15 25 16 17 1 . 23 17 11 Fast Attach . | . . . . . . . . . . . Attach 123 | 7 3 15 18 12 15 . . 23 14 16 Detach 16 | . . . 4 2 5 . . 4 . 1 Swap 28 | . 5 9 4 3 4 2 . . 1 . Drop 76 | . 11 11 11 11 10 1 . 14 5 2 Fire 282 | 4 44 53 68 9 43 10 . 15 25 11 Melee 3 | . . . . . . . . . 1 2 Ram 14 | . . . . . . . . . 12 2 Kick . | . . . . . . . . . . . Crush . | . . . . . . . . . . . Escape Stasis . | . . . . . . . . . . . Rewire . | . . . . . . . . . . . Trap . | . . . . . . . . . . . Miscellaneous . | . . . . . . . . . . . Route ------- -11/Scrapyard -10/Materials (discovered 4 exits: *Mat x3 / [*Min]) -9/Materials (discovered 5 exits: *Mat x3 / [*Min] / [*Sto]) -8/Materials -7/Factory -6/Factory -6/Lower Caves -6/Lower Caves -5/Factory (discovered 3 exits: *Fac x3) -4/Factory (discovered 4 exits: *Res x4) -3/Research History --------- Turn | Location | Event 4 | -11/Scrapyard | Discovered new exit (range 15) 74 | -11/Scrapyard | Entered Materials 256 | -10/Materials | Discovered new exit (range 16) 311 | -10/Materials | Build established: Mutant 810 | -10/Materials | Discovered new exit (range 12) 894 | -10/Materials | Core integrity fell below 50% 1015 | -10/Materials | Discovered new exit (range 15) 1020 | -10/Materials | Identified exit to Materials 1162 | -10/Materials | Entered another Materials area 1162 | -9/Materials | Evolved 2 slots: Propulsion x2 1814 | -9/Materials | Discovered new exit (range 11) 1817 | -9/Materials | Discovered new exit (range 9) 1936 | -9/Materials | Discovered new exit (range 6) 1965 | -9/Materials | Core integrity fell below 50% 2022 | -9/Materials | Identified exit to Materials 2037 | -9/Materials | Entered another Materials area 2037 | -8/Materials | Evolved 2 slots: Propulsion x2 2281 | -8/Materials | Lost 5 parts (5n) 2482 | -8/Materials | Build established: Scavenger-Mutant 2696 | -8/Materials | Discovered new exit (range 14) 2753 | -8/Materials | Entered Factory 2753 | -7/Factory | Evolved 2 slots: Utility x2 2773 | -7/Factory | Lost 4 parts (2n2w) 2819 | -7/Factory | Fabricated Hrd. Heavy Armor Plating (x1) 2900 | -7/Factory | Repaired Flight Unit 3106 | -7/Factory | Discovered new exit (range 7) 3190 | -7/Factory | Entered another Factory area 3190 | -6/Factory | Evolved 2 slots: Propulsion x2 3429 | -6/Factory | Lost 3 parts (2n1u) 3511 | -6/Factory | Lost 6 parts (4n1u1w) 3567 | -6/Factory | Allied Derelicts emerged from ambush trap array 3750 | -6/Factory | Discovered new exit (range 12) 3764 | -6/Factory | Entered Lower Caves 3778 | -6/Lower Caves | Build established: Mutant 3779 | -6/Lower Caves | Learned 8 Factory zone layouts 3867 | -6/Lower Caves | Spotted B-75 Beast 4037 | -6/Lower Caves | Discovered new exit (range 5) 4038 | -6/Lower Caves | Entered another Lower Caves area 4058 | -6/Lower Caves | Discovered new exit (range 13) 4064 | -6/Lower Caves | Entered Factory 4064 | -5/Factory | Evolved 2 slots: Power x1, Utility x1 4065 | -5/Factory | Identified exit to Factory 4297 | -5/Factory | Spotted B-75 Beast 4310 | -5/Factory | Discovered exit to Factory (range 18) 4331 | -5/Factory | Entered another Factory area 4331 | -4/Factory | Evolved 2 slots: Propulsion x1, Utility x1 4358 | -4/Factory | Spotted B-86 Titan 4534 | -4/Factory | Repaired Linear Gravjet 4576 | -4/Factory | Build established: Hacker-Mutant 4644 | -4/Factory | Lost 3 parts (2n1w) 4770 | -4/Factory | Identified exit to Research 4788 | -4/Factory | Lost 9 parts (1p6n2u) 4815 | -4/Factory | Entered Research 4815 | -3/Research | Evolved 2 slots: Utility x2 4839 | -3/Research | Lost 8 parts (2p2n2u2w) 4932 | -3/Research | Spotted B-86 Titan 5010 | -3/Research | Core integrity fell below 50% 5013 | -3/Research | Released all parts (8) 5037 | -3/Research | Core integrity fell below 20% 5051 | -3/Research | Destroyed by S-43 Plague with Heavy Machine Gun Last Messages --------------- 05009_ S-43 Plague destroyed. 05009_ Mic. Antimatter Reactor destroyed. 05013_ Released Gravmag Array. 05013_ Released Imp. Gyrokinetic Inverter. 05013_ Released Energy Well. 05013_ Released Visual Processing Unit. 05013_ Released Adv. Signal Interpreter. 05013_ Released Imp. Transmission Jammer. 05013_ Released Gravmag Array. 05013_ Released Linear Accelerator. 05013_ Extracted 1 energy. 05032_ Carbide Saw destroyed. 05033_ Slammed into S-43 Plague. 05038_ Acquired Matter Neutralizer. 05040_ S-43 Plague destroyed. 05049_ Slug penetrates Y-72 Warden. 05049_ Slug penetrates Wall. 05049_ Penetrated by Slug. 05050_ Matter Neutralizer destroyed. 05051_ Acquired Lgt. Antimatter Reactor. Map ----- +----------------------------------------------------+ | ?????????#???? ? ?? #??????????????? | | ?????????# ??? ?? #??????????????? | | ?####????# """ ?"" !#??????????????? | | ? #????# """ """ #??????????????? | | ? #????# """ """ #??????????????? | | " #????# #??????????????? | | " #????# #??????????????? | | " #????# " "" #??????????????? | | " #???## "R"" #??????????????? | | " #???# % """ #??????????????? | | #???# % = #??????????????? | | ??????# !=! #?????????"????? | | +############## ]=###/####????""" ???? | | % #?? """ # | | = ^# # | | % / # | | # """ ?? | | #######+################ #?? """ ???? | | ????? ?????????????# #????""" ???? | | ???# ?########??#h#?????? ???? | | ???# ## #??# #???????????? | | ???# ## #### #???????????? | | ???# "" ## + hY##??????????? | | ???# """## #+#;;;##?????????? | | ???# S"## # s %[#?????????? | | ???# ?# # s @ #?????????? | | ???# ??########! #?????????? | | ???########????????#; #?????????? | | ???????????????????## #?????????? | | ????????????????????# [ #?????????? | | ????????????????????########?????????? | | ?????????????????????????????????????? | | ?????????????????????????????????????? | | ?????????????????????????????????????? | | ???##????????????????????????????????? | | ??? ????????????????????????????????? | | ??? #????????????????????????????????? | | ??? #????????????????????????????????? | | ??? #????????????????????????????????? | | ??? #????????????????????????????????? | | ### ########?????????????????????????? | | # #?????????????????????????? | | # #?????????????????????????? | | #"" #?????????????????????????? | | #"" #?????????????????????????? | | #"" #?????????????????????????? | | #T #?????????????????????????? | | #"" #?????????????????????????? | | #"" #?????????????????????????? | | #"" #?????????????????????????? | +----------------------------------------------------+ Best States ------------- Heat Dissipation 61 Energy Generation 31 Energy Capacity 710 Matter Stores 300 Matter Capacity 300 Sight Range 18 Robot Scan Range 16 Terrain Scan Range 16 Terrain Scan Density 110 ECM Strength 1 Jamming Range 14 Armor Coverage 600 Evasion (%) 66 Recoil Reduction 4 Offensive Hacking 30 Item Schematics ----------------- None Robot Schematics ------------------ None Fabricated ------------ Hrd. Heavy Armor Plating | x1 | -7/Factory | Preloaded Alien Tech Used ----------------- None Achievements -------------- None Challenges ------------ None Game ------ Seed ArmoredThunderArchive Manual? 0 Play Time 01:11:34 Cumulative 49.0 hours Start 2024.10.28 @ 13:13:39 End 2024.10.28 @ 14:23:16 Sessions 1 Manual Loads 0 Difficulty Rogue Special Mode None Game No. 65 Rogue 65 Adventurer 0 Explorer 0 Win Type - Total 1 Types 1/0/0/0/0/0/0/0/0 Lore% 24 Gallery% 39 Achievement% 35 Wizard Run 0 Options --------- Layout 1 ASCII 1 Keyboard 0 Movement Numpad Keybinds 0 Fullscreen 1 Font 48/Smallcaps Map View 76x35 Zoom Use 0% Tactical HUD 1 Map Filters NONE Filters NONE Steam 1 RUN: 784efe52-b6bd-4c64-9636-4bfe3008ee36